 Dungeon Crawl Stone Soup version 0.29-a0-821-g6639535 (webtiles) character file.

Game seed: 1327936726037333742

463 Illumine the Chopper (level 6, -3/56 HPs)
             Began as a Minotaur Fighter on July 7, 2022.
             Slain by a gnoll
             ... wielding a +0 flail
             ... led by a gnoll bouda
              (5 damage)
             ... on level 5 of the Dungeon.
             The game lasted 00:01:54 (3465 turns).

Illumine the Chopper (Minotaur Fighter)             Turns: 3465, Time: 00:01:54

Health: -3/56      AC:  7    Str: 22    XL:     6   Next: 79%
Magic:  5/5        EV:  9    Int:  5    God:
Gold:   166        SH:  4    Dex: 10    Spells: 5/5 levels left

rFire   . . .      SeeInvis +   a - +0 war axe
rCold   . . .      Faith    .   c - +0 buckler
rNeg    . . .      Spirit   .   b - +0 scale mail
rPois   .          Reflect  .   (helmet restricted)
rElec   .          Harm     .   (no cloak)
rCorr   +          Rampage  .   (no gloves)
Will    .....                   (no boots)
Stlth   ..........              (no amulet)
HPRegen 0.18/turn               n - ring of resist corrosion
MPRegen 0.09/turn               r - ring of see invisible

@: no status effects
A: horns 2, retaliatory headbutt
a: no special abilities


You were on level 5 of the Dungeon.
You visited 1 branch of the dungeon, and saw 5 of its levels.

You collected 166 gold pieces.

Inventory:

Hand Weapons
 a - a +0 war axe (weapon)
Missiles
 e - 4 curare-tipped darts (quivered)
 s - 4 silver javelins
Armour
 b - a +0 scale mail (worn)
 c - a +0 buckler (worn)
Jewellery
 n - a ring of resist corrosion (left hand)
 r - a ring of see invisible (right hand)
Scrolls
 h - 2 scrolls of vulnerability {unknown}
 m - 3 scrolls of teleportation
 o - 2 scrolls of poison {unknown}
Potions
 d - 2 potions of might
 f - 2 potions of berserk rage
 i - a potion of cancellation {unknown}
 j - a potion of lignification {unknown}
 k - 2 potions of magic
 l - 4 potions of heal wounds {unknown}
 p - 2 potions of haste {unknown}
 q - a potion of flight {unknown}


   Skills:
 + Level 5.5 Fighting
 * Level 6.3 Axes
 + Level 5.5 Armour
 - Level 4.0 Shields


You had 5 spell levels left.
You didn't know any spells.
Your spell library contained the following spells:

 Spells                   Type           Power      Damage    Failure   Level
 Slow                     Hex            0%         N/A       86%         1
 Call Canine Familiar     Summ           0%         N/A       99%         3
 Confusing Touch          Hex            0%         N/A       99%         3
 Portal Projectile        Hex/Tloc       0%         N/A       99%         3
 Vampiric Draining        Necr           0%         2d6       99%         3
 Leda's Liquefaction      Hex/Erth       0%         N/A       100%        4
 Summon Forest            Summ/Tloc      0%         N/A       100%        5
 Eringya's Noxious Bog    Tmut/Pois      0%         N/A       100%        6
 Summon Hydra             Summ           0%         N/A       100%        7


Dungeon Overview and Level Annotations

Branches:
Dungeon (5/15)
 Temple: D:4-7

Altars:
Cheibriados
Qazlal


Innate Abilities, Weirdness & Mutations

You have a pair of horns on your head.
You reflexively headbutt those who attack you in melee.


Message History

Unknown command.
You hit the gnoll. Your headbutt misses the gnoll.
The gnoll is severely wounded.
You hit the gnoll but do no damage. You hit the gnoll.
You completely miss the gnoll. The gnoll hits you with a +3 flail.
The gnoll barely misses you. The gnoll hits you with a +0 flail!
Unknown command.
You slash the gnoll!
You kill the gnoll!
You closely miss the gnoll. You completely miss the gnoll.
You hit the gnoll but do no damage. You block the gnoll's attack.
The gnoll barely misses you. The gnoll hits you but does no damage.
The gnoll hits you with a +0 flail.
Unknown command.
Unknown command.
You hit the gnoll.
The gnoll is moderately wounded.
You hit the gnoll but do no damage. x2; You slash the gnoll!
You kill the gnoll!
You block the gnoll's attack.
Unknown command.
You closely miss the gnoll bouda. You closely miss the gnoll.
You hit the gnoll. You closely miss the gnoll.
The gnoll hits you with a +3 flail! The gnoll hits you but does no damage.
The gnoll hits you with a +0 flail.
The gnoll bouda hits you with a +0 club.
The gnoll closely misses you. You furiously retaliate!
You headbutt the gnoll.
Unknown command.
Unknown command.
You hit the gnoll. Your headbutt misses the gnoll.
The gnoll is heavily wounded.
You hit the gnoll bouda but do no damage.
You closely miss the gnoll. You hit the gnoll but do no damage.
The gnoll hits you with a +0 flail.
* * * LOW HITPOINT WARNING * * *
The gnoll hits you with a +0 flail!
* * * LOW HITPOINT WARNING * * *
The gnoll bouda hits you but does no damage.
The gnoll hits you but does no damage. The gnoll hits you with a +0 flail.
You die...

#... #..# .. ##.# #...
..#.# ##. #.. #..$..##..
##...###.. ......#..
.....#...# ..........
.........#####..........
.........##......#.#...#
......gg.....##..#.#..##
......g@.........>.....#
##.....g......).........
#.##...................
#.......>...........
.#......#...........#
#...................#
#...................#
........#..###.......
..........####.......


You could see a gnoll bouda and 3 gnolls.

Vanquished Creatures
  An ogre (D:4)
  2 scorpions
  A howler monkey (D:4)
  An iguana (D:4)
  7 gnolls
  6 adders
  A worm (D:4)
  A dart slug (D:4)
  An orc (D:4)
  6 ball pythons
  11 endoplasms
  10 giant cockroaches
  7 goblins
  3 hobgoblins
  6 jackals
  2 kobolds
  2 quokkas (D:4)
  A bat (D:2)
  2 frilled lizards (D:1)
  3 rats
74 creatures vanquished.

Vanquished Creatures (others)
  A jackal (D:3)
1 creature vanquished.

Grand Total: 75 creatures vanquished

Notes
Turn   | Place    | Note
-------+----------+-------------------------------------------
     0 | D:1      | Illumine the Minotaur Fighter began the quest for the Orb.
     0 | D:1      | Reached XP level 1. HP: 19/19 MP: 0/0
    52 | D:1      | Reached XP level 2. HP: 23/27 MP: 1/1
   126 | D:1      | Reached skill level 3 in Axes
   584 | D:1      | Reached XP level 3. HP: 33/33 MP: 2/2
  1609 | D:3      | Reached XP level 4. HP: 38/40 MP: 3/3
  1644 | D:3      | Found a stormy altar of Qazlal.
  1658 | D:3      | Reached skill level 4 in Axes
  1790 | D:3      | Found a snail-covered altar of Cheibriados.
  2436 | D:4      | Reached XP level 5. HP: 41/47 MP: 4/4
  2520 | D:4      | Noticed an ogre
  2527 | D:4      | Killed an ogre
  2528 | D:4      | Reached skill level 5 in Axes
  2528 | D:4      | Reached skill level 5 in Armour
  2721 | D:4      | Reached skill level 5 in Fighting
  2721 | D:4      | Reached XP level 6. HP: 50/56 MP: 5/5
  2979 | D:4      | Reached skill level 6 in Axes
  3093 | D:5      | Entered Level 5 of the Dungeon
  3465 | D:5      | HP: 2/56 [gnoll/+0 flail[a gnoll bouda] (12)]
  3465 | D:5      | Slain by a gnoll

Illustrated notes

Levels and vault maps discovered:
D:1:      minmay_arrival_plants_in_alcoves, layout_loops_corners, serial_forest,
          infiniplex_forest_lined_ring, infiniplex_forest_end_2,
          infiniplex_forest_lined_3_way, infiniplex_forest_lined_2,
          infiniplex_forest_straight_3, infiniplex_forest_clump_long,
          infiniplex_forest_fountain, infiniplex_forest_end_3,
          nicolae_ecumenical_lake_church, hangedman_decor_slide_cut,
          minmay_worlds_worst_comb
D:2:      layout_rooms, minivault_26
D:3:      layout_loops_ring, nicolae_qazlal_scattered_showers,
          cheibriados_altar_1
D:4:      layout_basic, nicolae_overflow_hidden_temple,
          amcnicky_mini_pool_small, minmay_statues_item, minivault_25,
          abandoned_shop, hangedman_abyss_or_decor_lesser_grid
D:5:      layout_cave_pools, trog_three_pillars_becter, uniq_duvessa

Skill      XL: |  1  2  3  4  5  6 |
---------------+-------------------+-----
Axes           | 3 4 5 6 |  6.3
Armour         | 4 5 |  5.5
Shields        | 4 |  4.0
Fighting       | 4 5 |  5.5

Action                   |  1- 3 |  4- 6 || total
-------------------------+-------+-------++-------
Melee: War axe           |    81 |    95 ||   176
       Headbutt          |     9 |    14 ||    23
  Use: Scroll            |       |     3 ||     3
Armor: Scale mail        |    38 |    40 ||    78
Dodge: Dodged            |    42 |    51 ||    93
Block: Buckler           |    18 |    22 ||    40

Table legend: (Time is in decaauts)
 A = Elapsed time spent in this place.
 B = Non-inter-level travel time spent in this place.
 C = Inter-level travel time spent in this place.
 D = Time resting spent in this place.
 E = Time spent auto-exploring this place.
 F = Levels seen in this place.
 G = Mean time per level.
                   A        B        C        D        E       F      G
               +--------+--------+--------+--------+--------+-----+--------+
         Total |   3520 |   3430 |     90 |    264 |   2653 |   5 |  704.0 |
       Dungeon |   3520 |   3430 |     90 |    264 |   2653 |   5 |  704.0 |
               +--------+--------+--------+--------+--------+-----+--------+

Top non-repeatable levels by time:
     D:1: 989 daAuts
     D:3: 800 daAuts
     D:4: 771 daAuts
     D:2: 584 daAuts
     D:5: 375 daAuts
